 Dungeon Crawl Stone Soup version 0.30.0-29-ga12c61a403 (webtiles) character file.

Game seed: 7016330380726031176

35 cdecastro the Conjurer (level 3, -4/26 HPs)
             Began as a Draconian Conjurer on June 12, 2023.
             Killed from afar by Natasha (7 damage)
             ... with a magic dart
             ... on level 2 of the Dungeon.
             The game lasted 00:08:45 (1668 turns).

cdecastro the Conjurer (Draconian Conjurer)         Turns: 1668, Time: 00:08:45

Health: -4/26      AC:  5    Str:  9    XL:     3   Next: 17%
Magic:  1/6        EV: 12    Int: 20    God:
Gold:   97         SH:  0    Dex:  9    Spells: 3/6 levels left

rFire   . . .        c - +0 whip
rCold   . . .        (no shield)
rNeg    . . .        (body armour unavailable)
rPois   .            (helmet restricted)
rElec   .            (no cloak)
rCorr   .            (no gloves)
SInv    .            (no boots)
Will    .....        (no amulet)
Stlth   ++           (no ring)
HPRegen 0.24/turn    (no ring)
MPRegen 0.10/turn

%: no passive effects
@: slowed, very slow
A: AC +5, unfitting armour, cold-blooded
a: no special abilities


You were on level 2 of the Dungeon.
You visited 1 branch of the dungeon, and saw 2 of its levels.

You collected 97 gold pieces.

Inventory:

Hand Weapons
 c - a +0 whip (weapon)
Armour
 b - a +0 pair of gloves
Scrolls
 f - a scroll of fear {unknown}
 j - a scroll of torment {unknown}
Potions
 a - 2 potions of magic
 d - 3 potions of curing {unknown}
 e - a potion of brilliance {unknown}
 g - a potion of invisibility {unknown}
 h - a potion of lignification {unknown}
 i - a potion of heal wounds {unknown}


   Skills:
 - Level 1.7 Dodging
 - Level 1.7 Stealth
 - Level 2.0 Spellcasting
 + Level 5.1 Conjurations


You had 3 spell levels left.
You knew the following spells:

 Your Spells              Type           Power      Damage    Failure   Level
a - Magic Dart            Conj           88%        1d7       1%          1
b - Searing Ray           Conj           44%        2d6       3%          2

Your spell library contained the following spells:

 Spells                   Type           Power      Damage    Failure   Level
 Dazzling Flash           Conj/Hex       24%        N/A       17%         3
 Lesser Beckoning         Tloc           4%         N/A       24%         2
 Gell's Gravitas          Tloc           2%         N/A       43%         3
 Teleport Other           Tloc           2%         N/A       43%         3
 Fulminant Prism          Conj/Hex       6%         3d7       50%         4
 Iskenderun's Mystic Bla  Conj/Tloc      12%        2d5       50%         4


Dungeon Overview and Level Annotations

Branches:
Dungeon (2/15)

Altars:

Annotations:
D:2 Natasha


Innate Abilities, Weirdness & Mutations

Your plain brown scales are hard. (AC +5)
You cannot fit into any form of body armour.
You are cold-blooded and may be slowed by cold attacks.


Message History

The cerulean imp hits you from afar with a +1 spear.
The searing ray misses Natasha.
The searing ray misses the cerulean imp.
You finish channelling your searing ray.
Natasha claws you.
* * * LOW HITPOINT WARNING * * *
The cerulean imp hits you from afar with a +1 spear.
* * * LOW HITPOINT WARNING * * *
The cerulean imp misses you. Natasha casts a spell at you.
The magic dart hits you.
* * * LOW HITPOINT WARNING * * *
The cerulean imp hits you from afar with a +1 spear.
* * * LOW HITPOINT WARNING * * *
The cerulean imp misses you.
Unknown command.
Aiming: Magic Dart (safe; 1% risk of failure)
Press: ? - help, Q - select action, (/) - cycle Shift-Dir - straight line, f/p - Natasha
Aim: Natasha (100% to hit)
The magic dart hits Natasha.
Natasha is lightly wounded.
Natasha misses you.
The cerulean imp hits you but does no damage.
The cerulean imp barely misses you.
Natasha stares at you and mumbles some strange words.
The magic dart hits you.
* * * LOW HITPOINT WARNING * * *
Natasha attacks as you move away! Natasha claws you.
* * * LOW HITPOINT WARNING * * *
Natasha attacks as you move away! Natasha closely misses you.
Natasha casts a spell.
Natasha attacks as you move away! Natasha claws you but does no damage.
The cerulean imp barely misses you.
Natasha wildly gestures.
You feel disoriented.
Natasha stares at you and mumbles some strange words.
You feel yourself slow down.
Natasha stares at you and mumbles some strange words.
The magic dart hits you!
You die...

#.# #.#
#.### #.#
#.55# #.#
###.####.#
#.5..#.#
###h5..#
#....#
#....#
#@...#
#<...#
#....#
#....#
#....#
#....#
#....#
######


You could see Natasha and 2 cerulean imps.

Vanquished Creatures
  2 dart slugs
  2 ball pythons (D:1)
  3 endoplasms
  6 hobgoblins (D:1)
  4 quokkas (D:1)
  A bat (D:1)
  A frilled lizard (D:2)
  3 goblins (D:1)
  2 kobolds
  5 rats
29 creatures vanquished.

Notes
Turn   | Place    | Note
-------+----------+-------------------------------------------
     0 | D:1      | cdecastro the Draconian Conjurer began the quest for the
                  | Orb.
     0 | D:1      | Reached XP level 1. HP: 14/14 MP: 3/3
   371 | D:1      | Reached XP level 2. HP: 20/20 MP: 1/5
   698 | D:1      | Learned a level 2 spell: Searing Ray
  1071 | D:1      | Reached skill level 5 in Conjurations
  1223 | D:1      | Reached XP level 3. HP: 26/26 MP: 3/6
  1605 | D:2      | Identified the +2 ring mail of Boredom {rC+}
  1647 | D:2      | Noticed Natasha
  1660 | D:2      | HP: 1/26 [Natasha (2)]
  1668 | D:2      | Killed from afar by Natasha

Illustrated notes

Levels and vault maps discovered:
D:1:      ncdulo_smallfort, layout_loops_corners, chequers_serial_rivers_small_b
D:2:      layout_rooms, dilly_ecumenical_altar_fadedgnrine, serial_glass,
          glass_columns_a, glass_columns_c, uniq_natasha

Skill      XL: |  1  2 |
---------------+-------+-----
Conjurations   | 5 |  5.1
Dodging        | |  1.7
Stealth        | |  1.7
Spellcasting   | |  2.0

Action                     || total
---------------------------++-------
  Melee: Whip              ||    28
         Unarmed           ||     2
         Tailslap          ||     2
   Cast: Magic Dart        ||    47
         Searing Ray       ||     4
 Armour: Skin              ||     8
  Dodge: Dodged            ||    35
